 Dungeon Crawl Stone Soup version 0.15-a0-1854-g6489380 (webtiles) character file.

125 Wake the Insei (level 4, -4/40 HPs)
             Began as a Draconian Transmuter on July 3, 2014.
             Slain by a gnoll
             ... wielding a +0 club
              (7 damage)
             ... on Level 3 of the Dungeon.
             The game lasted 00:20:57 (2310 turns).

Wake the Insei (Draconian Transmuter)               Turns: 2310, Time: 00:20:57

HP  -4/40        AC  6     Str 12      XL: 4   Next: 82%
MP  16/16        EV 18     Int 14      God:
Gold 116         SH  0     Dex 17      Spells:  2 memorised,  3 levels left

rFire  . . .     SeeInvis .       - Unarmed
rCold  . . .     Clarity  .     (armour unavailable)
rNeg   . . .     rCorr    .     (no shield)
rPois  .         rRot     .     (helmet restricted)
rElec  .         Spirit   .     t - +0 cloak
SustAb .         Warding  .     (no gloves)
rMut   .         Stasis   +     (no boots)
Gourm  .                        u - amulet of stasis
MR     .....                    r - +3 ring of slaying
                                s - ring of magical power

@: agile, not resistant to hostile enchantments, fairly stealthy
A: unfitting armour, cold-blooded, AC +5
a: no special abilities


You were on level 3 of the Dungeon.
You were hungry.

You visited 1 branch of the dungeon, and saw 4 of its levels.

You collected 116 gold pieces.

Inventory:

Hand weapons
 n - a +2 sling of evasion
 F - a +0 blowgun
Missiles
 b - 12 arrows
 i - 3 needles of confusion
 o - 37 stones (quivered)
 D - 4 javelins of penetration
 E - 14 poisoned needles
 H - 8 curare-tipped needles
Armour
 t - a +0 cloak (worn)
Comestibles
 a - a bread ration
 j - a beef jerky
Scrolls
 c - 5 scrolls of identify {unknown}
 e - 4 scrolls of recharging {unknown}
 f - 4 scrolls of noise {unknown}
 g - 2 scrolls of immolation {unknown}
 l - 4 scrolls of remove curse {unknown}
 m - a scroll of teleportation {unknown}
 q - a scroll of random uselessness {unknown}
 v - a scroll of enchant armour {unknown}
 y - a scroll of fear {unknown}
Jewellery
 h - an uncursed ring of sustain abilities
 r - a +3 ring of slaying (right hand)
 s - a ring of magical power (left hand)
 u - an amulet of stasis (around neck)
 C - an uncursed ring of magical power
Potions
 k - a potion of brilliance {unknown}
 p - a potion of mutation {unknown}
 w - a potion of beneficial mutation {unknown}
 A - a potion of lignification {unknown}
 B - a potion of curing {unknown}
 G - a potion of flight {unknown}
Books
 d - a book of Changes

   Spells                             Type                      Level
   *Beastly Appendage                 Transmutation                1
   Sticks to Snakes                   Transmutation                2
   *Spider Form                       Transmutation/Poison         3
   Ice Form                           Ice/Transmutation            4
   Blade Hands                        Transmutation                5
 x - a book of the Warp

   Spells                             Type                      Level
   Control Teleport                   Charms/Translocation         4
   Phase Shift                        Translocation                5
   Warp Weapon                        Charms/Translocation         5
   Dispersal                          Translocation                6
   Controlled Blink                   Translocation                7
   Disjunction                        Translocation                8


   Skills:
 + Level 3.9 Fighting
 - Level 2.0 Dodging
 + Level 4.0 Unarmed Combat
 - Level 2.0 Spellcasting
 + Level 2.2 Transmutations


You had 3 spell levels left.
You knew the following spells:

 Your Spells              Type           Power        Failure   Level  Hunger
a - Beastly Appendage     Trmt           #.....       12%         1    ##.....
b - Spider Form           Trmt/Pois      #.........   47%         3    ####...


Dungeon Overview and Level Annotations

Branches:
Dungeon (4/15)
 Temple: D:4-7

Altars:
Zin


Innate Abilities, Weirdness & Mutations

Your plain brown scales are hard (AC +5).*
Your body does not fit into most forms of armour.
Your cold-blooded metabolism reacts poorly to cold.*


Message History

You try to slip out of the net.
The gnoll hits you from afar with a spear of flaming.
The gnoll burns you. The gnoll hits you with a club.
The gnoll hits you but does no damage. The gnoll closely misses you.
You slip out of the net!
The gnoll hits you but does no damage. The gnoll hits you with a club.
The gnoll hits you.
The gnoll hits you from afar with a spear of flaming.
The gnoll burns you.
* * * LOW HITPOINT WARNING * * *
The gnoll barely misses you. The gnoll hits you with a club.
* * * LOW HITPOINT WARNING * * *
The gnoll barely misses you.
You climb upwards.
There is a stone staircase leading down here.
The gnoll hits you.
* * * LOW HITPOINT WARNING * * *
Drink which item? (? for menu, Esc to quit)
You feel agile all of a sudden.
It was a potion of agility.
The gnoll hits you with a club!
You die...

#..# #........# #...........
#..#######..##########.##.#######
#........#..#...###...#...#
#.......%............###.####
#....#.#.........##.#.#....(#
.................##.##..###.#
........#####...###.###.# #.#
........# ##.####># #.# #.#
##...#.## #..@gg.# #.# #(#
#...#.# #####..# #.# #.#
#...#.####### #..# #.# #)#
##%##.#.....# #..# #.# #.#
#.#......<.# #..# #.# #.#
#.#........# #..# #.# #.#####
#.#........# #..# #.# #......
#.####..(..# #..###)######### #.#
###.#######...............


You could see 2 gnolls.

Vanquished Creatures
  6 adders
  An ooze (D:2)
  A giant gecko (D:1)
  3 orcs (D:3)
  11 bats
  3 giant cockroaches
  11 goblins
  8 hobgoblins
  4 jackals (D:3)
  4 giant newts
  12 kobolds
  10 rats
74 creatures vanquished.

Notes
Turn   | Place    | Note
--------------------------------------------------------------
     0 | D:1      | Wake, the Draconian Transmuter, began the quest for the Orb.
     0 | D:1      | Reached XP level 1. HP: 16/16 MP: 3/3
   153 | D:1      | Reached XP level 2. HP: 20/23 MP: 2/4
   789 | D:2      | Reached XP level 3. HP: 21/30 MP: 4/6
   894 | D:2      | Learned a level 3 spell: Spider Form
  1024 | D:2      | Reached XP level 4. HP: 38/38 MP: 7/7
  1317 | D:2      | Reached skill level 4 in Unarmed Combat
  1682 | D:3      | Found a glowing silver altar of Zin.
  2310 | D:3      | Slain by a gnoll

Action                   |  1- 3 |  4- 6 || total
-------------------------+-------+-------++-------
Melee: Unarmed           |    90 |    78 ||   168
 Fire: Sling             |     3 |       ||     3
       Blowgun           |       |     8 ||     8
 Cast: Beastly Appendage |    21 |    22 ||    43
  Use: Potion            |       |     1 ||     1
 Stab: Sleeping          |     1 |       ||     1
